AoeStats
← MattAtArms

Arabia

506917389Analyzed
1v1 RM · 17d ago on Sep 15, 2026· 15m 29s· 2 players
Game mode
Random Map
Map size
Tiny (2 player)
Population
200
Speed
Normal
Resources
Standard
Victory
Conquest
Starting age
Dark Age
Ending age
Imperial Age
RankedLock teamsTeams togetherTeam positionsShared explorationLock speedFull tech treeHidden civsTurbo modeCheats
Victory
Defeat
🇪🇸 Khmer · Spain
2024
+12
🇬🇧 Slavs · United Kingdom
1938
-12
MattAtArms
6:05 Loom
9:16 Feudal Age
9:25 Man-at-Arms
10:06 Double-Bit Axe
m4rco
5:45 Loom
8:29 Feudal Age
9:02 Double-Bit Axe
14:50 Fletching
Connection lost

Rejoining the realm…

Still unreachable

The connection could not be restored.

Session expired

The server has moved on; the page needs a fresh start.